 Dungeon Crawl Stone Soup version 0.29-a0-330-g52719c12eb (webtiles) character file.

Game seed: 17359405428381575682

42 sking99 the Insei (level 3, -4/23 (26) HPs)
             Began as a Vampire Transmuter on May 18, 2022.
             Slain by Terence
             ... wielding a +6 flail of draining
              (5 damage)
             ... on level 2 of the Dungeon.
             The game lasted 00:02:46 (1186 turns).

sking99 the Insei (Vampire Transmuter)              Turns: 1186, Time: 00:02:47

HP:   -4/23 (26)    AC:  2    Str:  9    XL:     3   Next: 33%
MP:   6/6           EV: 19    Int: 17    God:
Gold: 80            SH:  0    Dex: 19    Spells: 0/6 levels left

rFire   . . .      SeeInvis +     - Unarmed
rCold   . . .      Faith    .   (shield currently unavailable)
rNeg    . . .      Spirit   .   (body armour currently unavailable)
rPois   x          Reflect  .   (helmet currently unavailable)
rElec   .          Harm     .   (cloak currently unavailable)
rCorr   .          Rampage  .   (gloves currently unavailable)
Will    .....                   (boots currently unavailable)
Stlth   ++........              g - amulet of magic regeneration
HPRegen 0.27/turn               (no ring)
MPRegen 0.50/turn               (no ring)

@: spider-form (expiring), wereblooded, healing quickly, heavily drained
A: venomous fangs, tiny, alive, (fangs 3), see invisible, vampiric 2
a: Exsanguinate, End Transformation


You were on level 2 of the Dungeon.
You were a venomous arachnid creature.
You visited 1 branch of the dungeon, and saw 2 of its levels.

You collected 80 gold pieces.

Inventory:

Armour
 a - a +0 robe (melded)
Jewellery
 g - an amulet of magic regeneration (around neck)
Scrolls
 c - a scroll of teleportation {unknown}
 d - 2 scrolls of enchant weapon {unknown}
 e - a scroll of magic mapping {unknown}
 f - a scroll of vulnerability {unknown}
Potions
 b - a potion of lignification
 h - a potion of might {unknown}
 i - a potion of brilliance {unknown}
 j - a potion of curing {unknown}


   Skills:
 - Level 1.6 Fighting
 - Level 2.1 Dodging
 - Level 4.2 Unarmed Combat
 - Level 2.0 Spellcasting
 * Level 2.5 Transmutations
 + Level 0.3 Poison Magic


You couldn't memorise any spells.
You knew the following spells:

 Your Spells              Type           Power      Damage    Failure   Level
a - Beastly Appendage     Tmut           20%        N/A       19%         1
b - Wereblood             Tmut           10%        N/A       26%         2
c - Spider Form           Tmut/Pois      6%         N/A       54%         3

Your spell library contained the following spells:

 Spells                   Type           Power      Damage    Failure   Level
 Animate Skeleton         Necr           2%         N/A       38%         1
 Apportation              Tloc           2%         N/A       38%         1
 Summon Small Mammal      Summ           4%         N/A       38%         1
 Ice Form                 Ice/Tmut       5%         N/A       89%         4


Dungeon Overview and Level Annotations

Branches:
Dungeon (2/15)

Altars:

Annotations:
D:2 Terence


Innate Abilities, Weirdness & Mutations

You are a venomous arachnid creature.
You have poisonous fangs.
You are tiny and dextrous.
Your spellcasting is less reliable in this form.
Your armour is entirely melded.
You are incapable of wielding weapons or throwing items.
Your natural rate of healing is accelerated.
((You have razor-sharp teeth.))
You have supernaturally acute eyesight. (SInv)
You are afflicted with vampirism and can become a bat while bloodless.


Message History

Found a stone staircase leading down.
You open the door.
There is an open door here.
Terence the Incautious comes into view.
He is wielding a +6 flail of draining.
Terence is nearby!
Terence is nearby!
You start putting on your amulet.
You continue putting on your amulet of magic regeneration. x5
You finish putting on your amulet of magic regeneration.
g - an amulet of magic regeneration (around neck)
Okay, then.
Casting: Beastly Appendage (safe; 7% risk of failure)
Confirm with . or Enter, or press ? or * to list all spells.
You grow a pair of large bovine horns.
Your feet morph into talons.
Casting: Beastly Appendage (safe; 7% risk of failure)
Confirm with . or Enter, or press ? or * to list all spells.
Your blood is infused with primal strength.
Casting: Wereblood (safe; 11% risk of failure)
Confirm with . or Enter, or press ? or * to list all spells.
The spell is extremely dangerous to miscast (32% risk of failure)!
Continue anyway?
Your horns disappear.
Your talons disappear.
You turn into a venomous arachnid creature.
Your +0 robe melds into your body.
Your transformation is almost over.
You hit Terence but do no damage.
Terence is poisoned.
Terence screams, "I want your blood!" Terence closely misses you.
You hit Terence.
Terence looks as sick as possible!
Terence is lightly wounded.
Terence hits you with a +6 flail of draining!
You feel drained. Terence attacks as you move away!
Terence hits you with a +6 flail of draining!
* * * LOW HITPOINT WARNING * * *
You feel drained.
* * * LOW HITPOINT WARNING * * *
You hit Terence but do no damage.
Terence looks as sick as possible!
Terence is heavily wounded.
Terence hits you with a +6 flail of draining.
You die...

...# ...# ..### #+# ....#
#.### #...# #.#.. ####
#...##########.#.# .....
#...##<...........
......###.........####.#..
........@s........####)###
#####.####'#......##......
#.....................
#.######.......#.#####
#..............#...###
#>....................
#.......######.....###
#.....>.# #######
#########


You could see Terence (extremely poisoned).

Vanquished Creatures
  A dart slug (D:1)
  6 ball pythons
  2 endoplasms (D:1)
  3 giant cockroaches (D:1)
  5 goblins
  A hobgoblin (D:2)
  7 jackals (D:1)
  3 bats
  A frilled lizard (D:1)
  3 kobolds
  3 rats
35 creatures vanquished.

Notes
Turn   | Place    | Note
-------+----------+-------------------------------------------
     0 | D:1      | sking99 the Vampire Transmuter began the quest for the Orb.
     0 | D:1      | Reached XP level 1. HP: 14/14 MP: 3/3
   217 | D:1      | Reached skill level 1 in Fighting
   401 | D:1      | Reached XP level 2. HP: 20/21 MP: 3/5
   485 | D:1      | Reached skill level 4 in Unarmed Combat
   713 | D:1      | Gained mutation: You are afflicted with vampirism and can
                  | become a bat while bloodless. [Vampire growth]
   713 | D:1      | Reached XP level 3. HP: 23/26 MP: 4/6
   732 | D:1      | Learned a level 2 spell: Wereblood
   736 | D:1      | Learned a level 3 spell: Spider Form
  1166 | D:2      | Noticed Terence
  1185 | D:2      | HP: 1/23 [Terence/+6 flail of draining (1)]
  1186 | D:2      | Slain by Terence

Illustrated notes

Levels and vault maps discovered:
D:1:      psy_arrival_dodecagon, layout_loops_cross
D:2:      layout_basic, chequers_serial_rivers_room_b, uniq_jessica,
          uniq_terence

Skill      XL: |  1  2 |
---------------+-------+-----
Fighting       | 1 |  1.6
Unarmed Combat | 4 |  4.2
Dodging        | |  2.1
Spellcasting   | |  2.0
Transmutations | |  2.5
Poison Magic   | |  0.3

Action                   || total
-------------------------++-------
Melee: Unarmed           ||    96
       Kick              ||    10
       Bite              ||     7
       Headbutt          ||     9
       Punch             ||     2
 Cast: Beastly Appendage ||    11
       Spider Form       ||     1
       Wereblood         ||     1
Armor: Robe              ||    17
Dodge: Dodged            ||    54

Table legend: (Time is in decaauts)
 A = Elapsed time spent in this place.
 B = Non-inter-level travel time spent in this place.
 C = Inter-level travel time spent in this place.
 D = Time resting spent in this place.
 E = Time spent auto-exploring this place.
 F = Levels seen in this place.
 G = Mean time per level.
                   A        B        C        D        E       F      G
               +--------+--------+--------+--------+--------+-----+--------+
         Total |   1179 |   1179 |      0 |    312 |    593 |   2 |  589.5 |
       Dungeon |   1179 |   1179 |      0 |    312 |    593 |   2 |  589.5 |
               +--------+--------+--------+--------+--------+-----+--------+

Top non-repeatable levels by time:
     D:1: 937 daAuts
     D:2: 242 daAuts
